 Dungeon Crawl Stone Soup version 0.28-a0-1510-gd0f6b136d3 (webtiles) character file.

Game seed: 13485611700019716453

14 hatsuma the Sneak (level 2, 0/15 HPs)
             Began as a Vampire Enchanter on Jan 15, 2022.
             Slain by a jackal (2 damage)
             ... on level 1 of the Dungeon.
             The game lasted 00:07:07 (848 turns).

hatsuma the Sneak (Vampire Enchanter)                Turns: 848, Time: 00:07:08

Health: 0/15       AC:  2    Str:  7    XL:     2   Next: 31%
Magic:  5/5        EV: 12    Int: 17    God:
Gold:   21         SH:  0    Dex: 14    Spells: 3/5 levels left

rFire   . . .      SeeInvis +   a - +1 dagger
rCold   + + .      Faith    .   (no shield)
rNeg    + + +      Spirit   .   b - +0 robe
rPois   ∞          Reflect  .   (no helmet)
rElec   .          Harm     .   (no cloak)
rCorr   .          Rampage  .   (no gloves)
Will    .....                   (no boots)
Stlth   +++++.....              (no amulet)
HPRegen 0.00/turn               (no ring)
MPRegen 0.09/turn               (no ring)

@: bloodless, inhibited regen
A: bloodless, fangs 3, see invisible, vampiric 1
a: Revivify


You were on level 1 of the Dungeon.
You visited 1 branch of the dungeon, and saw 1 of its levels.

You collected 21 gold pieces.

Inventory:

Hand Weapons
 a - a +1 dagger (weapon)
Armour
 b - a +0 robe (worn)
Potions
 c - a potion of invisibility
 d - a potion of haste {unknown}


   Skills:
 - Level 1.1 Short Blades
 - Level 2.1 Dodging
 + Level 5.8 Stealth
 - Level 2.0 Spellcasting
 - Level 4.4 Hexes


You had 3 spell levels left.
You knew the following spells:

 Your Spells              Type           Power      Damage    Failure   Level
a - Ensorcelled Hibernat  Hex/Ice        18%        N/A       12%         2

Your spell library contained the following spells:

 Spells                   Type           Power      Damage    Failure   Level
 Confusing Touch          Hex            16%        N/A       10%         3
 Tukima's Dance           Hex            16%        N/A       10%         3
 Sting                    Tmut/Pois      4%         1d3       19%         1
 Dazzling Flash           Conj/Hex       18%        N/A       24%         3
 Poisonous Vapours        Pois/Air       2%         N/A       28%         2
 Olgreb's Toxic Radiance  Pois           1%         N/A       88%         4


Dungeon Overview and Level Annotations

Branches:
Dungeon (1/15)

Altars:
Beogh


Innate Abilities, Weirdness & Mutations

You do not regenerate when monsters are visible.
You are frail without blood (-20% HP).
You can heal yourself when you bite living creatures.
You are immune to poison.
You have razor-sharp teeth.
You have supernaturally acute eyesight. (SInv)
You are afflicted with vampirism.


Message History

The giant cockroach barely misses you.
You hit the giant cockroach.
The giant cockroach is severely wounded.
The giant cockroach barely misses you.
You hit the giant cockroach but do no damage.
You bite the giant cockroach.
You kill the giant cockroach!
You start resting.
HP restored.
A dart slug comes into view.
A jackal comes into view. 2 jackals come into view.
A jackal comes into view.
The jackal barks! x2
The jackal barks! x2
You hit the jackal but do no damage. The jackal bites you.
You barely miss the jackal. Your bite misses the jackal.
The jackal bites you. x2
The jackal bites you but does no damage.
The jackal barely misses you. The jackal bites you. x2
The jackal closely misses you. The jackal barely misses you.
You barely miss the jackal.
The jackal bites you but does no damage.
The jackal barely misses you. The jackal closely misses you.
The jackal bites you. x2; The jackal closely misses you.
You hit the jackal.
The jackal is heavily wounded.
The jackal bites you.
* * * LOW HITPOINT WARNING * * *
The jackal barely misses you. The jackal completely misses you.
The jackal bites you.
* * * LOW HITPOINT WARNING * * *
Unknown command.
You hit the jackal.
You kill the jackal!
The jackal misses you.
The jackal bites you but does no damage.
The jackal barely misses you. The jackal misses you.
The jackal bites you but does no damage.
The jackal closely misses you. The jackal bites you.
You die...

##### #(# #..# ..
....####.####........#.
..........(....#......#.
.....>#######.##.......#
......# #.# .......
..#.#.## #.# .......
###....### #.# ......#
.....#...# #.###.....#
..#....#.####..h@....#
#.#.#.#...#....hh....#
#.#.....#...#####...#.#
#.###.#...### ..#.# ###
#.##.## ..# .. ...
###.##.# .#. .. ....
###..[##.# .... . .....
#.......(# #.### ...#
#.######..... #######.##


You could see 3 jackals.

Vanquished Creatures
  A dart slug (D:1)
  2 ball pythons (D:1)
  2 endoplasms (D:1)
  A giant cockroach (D:1)
  A hobgoblin (D:1)
  A jackal (D:1)
  2 frilled lizards (D:1)
  A kobold (D:1)
  A rat (D:1)
12 creatures vanquished.

Notes
Turn   | Place    | Note
-------+----------+-------------------------------------------
     0 | D:1      | hatsuma the Vampire Enchanter began the quest for the Orb.
     0 | D:1      | Reached XP level 1. HP: 13/13 MP: 3/3
   196 | D:1      | Reached skill level 5 in Stealth
   383 | D:1      | Reached XP level 2. HP: 5/15 MP: 5/5
   578 | D:1      | Learned a level 2 spell: Ensorcelled Hibernation
   848 | D:1      | Slain by a jackal

Illustrated notes

Levels and vault maps discovered:
D:1:      dpeg_arrival_round_a, layout_loops_ring,
          hellmonk_ecumenical_altar_defaced_shrine, st_stairs_13,
          amcnicky_mini_pool_small, minmay_misc_feat_secret_circle,
          amcnicky_mini_corridor_feature

Skill      XL: |  1 |
---------------+----+-----
Stealth        | 5 |  5.8
Short Blades   | |  1.1
Dodging        | |  2.1
Spellcasting   | |  2.0
Hexes          | |  4.4

Action                   || total
-------------------------++-------
Melee: Dagger            ||    43
       Bite              ||     4
 Abil: Exsanguinate      ||     1
 Stab: Sleeping          ||     7
Armor: Robe              ||     4
Dodge: Dodged            ||    31

Table legend: (Time is in decaauts)
 A = Elapsed time spent in this place.
 B = Non-inter-level travel time spent in this place.
 C = Inter-level travel time spent in this place.
 D = Time resting spent in this place.
 E = Time spent auto-exploring this place.
 F = Levels seen in this place.
 G = Mean time per level.
                   A        B        C        D        E       F      G
               +--------+--------+--------+--------+--------+-----+--------+
         Total |    845 |    792 |     53 |    319 |      0 |   1 |  845.0 |
       Dungeon |    845 |    792 |     53 |    319 |      0 |   1 |  845.0 |
               +--------+--------+--------+--------+--------+-----+--------+

Top non-repeatable levels by time:
     D:1: 845 daAuts
